Map: [ESL] Berlingrad

Players

Lambo

  • Race: Zerg Zerg

Astrea - Winner!

  • Race: Protoss Protoss

Event: IEM Katowice 2022

VOD

Have the link to the VOD?

Description

Time

  • Played on: Feb. 25, 2022, 6:33 a.m.
  • Length: 7:33

All games in this series

Show
View Real Time Build Order
Export as new Build Order

Lambo Zerg 

Build Orders: Hatch First 

Get SALT Encoding   

  12  0:00  Drone  
  13  0:12  Overlord  
  13  0:16  Drone  
  14  0:30  Drone x2  
  16  0:40  Drone  
  17  0:52  Hatchery  
  17  0:54  Drone  
  17  0:57  Drone  
  18  1:08  Extractor  
  17  1:12  Spawning Pool  
  17  1:18  Drone  
  17  1:20  Drone  
  18  1:28  Drone  
  19  1:40  Drone  
  20  1:51  Overlord  
  20  1:59  Queen  
  22  2:03  Queen  
  22  2:04  Drone, Zergling x2  
  26  2:12  Zergling x2  
  26  2:13  Metabolic Boost  
  26  2:14  Drone  
  28  2:21  Drone  
  29  2:25  Drone  
  30  2:35  Hatchery  
  29  2:42  Queen  
  31  2:45  Zergling x2  
  31  2:49  Overlord  
  32  2:51  Drone  
  32  2:53  Zergling x2  
  32  2:57  Zergling x2  
  33  3:14  Drone x7  
  33  3:17  Drone x2  
  40  3:28  Overlord  
  40  3:30  Drone  
  41  3:36  Drone  
  42  3:42  Overlord  
  42  3:45  Queen  
  42  3:47  Drone, Queen  
  47  3:51  Drone x3  
  47  3:52  Drone  
  47  3:54  Zergling x2  
  52  3:57  Overlord  
  52  4:01  Drone x2  
  54  4:03  Drone  
  54  4:05  Zergling x2  
  54  4:08  Roach Warren  
  55  4:12  Drone x2  
  55  4:14  Drone  
  55  4:15  Drone  
  57  4:20  Drone  
  58  4:24  Drone x5  
  58  4:26  Drone  
  58  4:29  Drone x2  
  65  4:33  Overlord  
  65  4:34  Drone, Extractor  
  65  4:37  Overlord  
  65  4:42  Overlord  
  65  4:44  Extractor  
  64  4:46  Spore Crawler  
  64  4:48  Spore Crawler  
  64  4:49  Drone  
  64  4:50  Drone x2  
  65  4:59  Zergling x4  
  66  5:00  Drone  
  66  5:01  Drone x6  
  66  5:03  Drone x2  
  66  5:05  Overlord  
  75  5:07  Roach  
  75  5:10  Roach, Extractor  
  78  5:14  Spore Crawler  
  78  5:16  Queen  
  78  5:18  Roach  
  81  5:21  Overlord  
  81  5:27  Roach  
  81  5:28  Roach  
  85  5:32  Roach x2  
  89  5:35  Queen  
  89  5:36  Overlord  
  89  5:39  Overlord  
  91  5:44  Roach x3  
  91  5:49  Zergling x2  
  101  5:50  Zergling x10  
  101  5:53  Ravager x2  
  101  5:54  Ravager  
  101  5:55  Zergling x8  
  101  5:56  Ravager  
  111  6:00  Zergling x2  
  111  6:01  Ravager  
  111  6:04  Roach, Zergling x6  
  118  6:10  Roach x2  
  120  6:12  Zergling x2  
  112  6:20  Zergling x2  
  112  6:23  Zergling x6  
  112  6:24  Ravager x2  
  106  6:30  Roach  
  106  6:31  Zergling x2  
  96  6:34  Roach  
  96  6:36  Roach  
  96  6:37  Zergling x6  
  85  6:46  Roach  
  73  6:48  Zergling x4  
  72  6:54  Ravager  
  72  6:58  Roach  
  72  6:59  Roach  
  73  7:10  Roach x2  
Show
View Real Time Build Order
Export as new Build Order

Astrea Protoss - Winner!

Build Orders: 1 Gate Expand 

Get SALT Encoding   

  12  0:00  Probe  
  13  0:12  Probe  
  14  0:17  Pylon  
  14  0:24  Probe (Chrono Boost)  
  15  0:36  Probe (Chrono Boost)  
  15  0:38  Gateway  
  16  0:44  Probe (Chrono Boost)  
  17  0:51  Assimilator, Probe  
  18  1:03  Probe  
  19  1:15  Probe  
  20  1:25  Cybernetics Core  
  20  1:34  Nexus  
  20  1:37  Probe  
  21  1:46  Pylon  
  21  1:49  Probe  
  21  1:51  Assimilator  
  22  2:01  Probe, Adept (Chrono Boost)  
  22  2:04  Warp Gate  
  25  2:13  Probe  
  26  2:21  Adept (Chrono Boost)  
  26  2:26  Probe  
  29  2:33  Robotics Facility  
  29  2:39  Probe (Chrono Boost)  
  30  2:45  Stalker  
  30  2:46  Probe (Chrono Boost)  
  34  2:56  Probe x2 (Chrono Boost)  
  35  3:02  Probe x2  
  37  3:14  Probe x2  
  37  3:16  Sentry  
  37  3:19  Warp Prism (Chrono Boost)  
  41  3:20  Pylon  
  41  3:26  Probe  
  44  3:27  Gateway  
  44  3:29  Probe  
  45  3:38  Probe  
  47  3:41  Probe  
  47  3:44  Immortal (Chrono Boost)  
  51  3:50  Probe  
  51  3:53  Probe  
  51  3:55  Pylon  
  53  4:01  Pylon  
  53  4:04  Assimilator, Probe  
  54  4:13  Probe  
  54  4:15  Immortal (Chrono Boost)  
  55  4:23  Gateway  
  59  4:25  Gateway  
  59  4:26  Sentry  
  59  4:27  Sentry  
  63  4:31  Gateway  
  63  4:35  Gateway  
  63  4:42  Gateway  
  63  4:46  Gateway  
  63  4:50  Immortal (Chrono Boost)  
  67  5:02  Sentry  
  69  5:08  Pylon  
  69  5:09  Pylon  
  69  5:15  Pylon  
  69  5:26  Sentry x3, Zealot  
  77  5:31  Pylon  
  78  5:36  Observer (Chrono Boost)  
  78  5:41  Zealot x4  
  86  5:45  Pylon  
  86  5:46  Pylon  
  86  5:54  Zealot x4  
  94  5:58  Pylon  
  94  6:07  Stalker x2  
  94  6:08  Stalker  
  100  6:17  Stalker x2  
  100  6:19  Sentry  
  100  6:20  Zealot  
  102  6:26  Stalker  
  102  6:31  Stalker  
  104  6:33  Zealot  
  92  6:40  Zealot x2  
  92  6:44  Stalker  
  92  6:48  Zealot  
  92  6:53  Zealot x2  
  94  7:07  Stalker x3  
  94  7:25  Stalker x4  

Tags
 
Add a new tag
Caveats
  • Supply blocks, unpowered buildings, or Contaminate may cause inaccurate times.
  • Supply counts are checked every 10 seconds.